 Dungeon Crawl Stone Soup version 0.29-a0-717-g6dac4ea423 (webtiles) character file.

Game seed: 10062989337906695808

2718 omnomnOMINOUS the Nimble (level 9, 0/65 (66) HPs)
             Began as an Octopode Wanderer on June 26, 2022.
             Was a Priest of Sif Muna.
             Slain by a wight
             ... wielding a +5 scimitar
              (2 damage)
             ... on level 8 of the Dungeon.
             The game lasted 00:20:01 (8695 turns).

omnomnOMINOUS the Nimble (Octopode Wanderer)        Turns: 8695, Time: 00:20:02

HP:   0/65 (66)     AC:  5    Str: 10    XL:     9   Next: 66%
MP:   24/24         EV: 33    Int: 14    God:    Sif Muna [***...]
Gold: 155           SH:  6    Dex: 20    Spells: 8/16 levels left

rFire   . . .      SeeInvis .   a - +2 dagger (venom)
rCold   . . .      Faith    .   r - +0 buckler "Iruase" {Dex+3 Stlth+}
rNeg    . . .      Spirit   .   c - +0 hat
rPois   .          Reflect  .   p - amulet of the acrobat
rElec   .          Harm     .   l - ring of magical power
rCorr   .          Rampage  .   o - +4 ring of protection
Will    .....                   (no ring)
Stlth   ++++......              (no ring)
HPRegen 0.20/turn               (no ring)
MPRegen 0.19/turn               (no ring)
                                (no ring)
                                (no ring)

@: acrobatic, lightly drained
A: almost no armour, amphibious, 8 rings, camouflage 1, gelatinous body 1,
(nimble swimmer 1), tentacles
a: Renounce Religion, Channel Magic, Forget Spell


You were on level 8 of the Dungeon.
You worshipped Sif Muna.
Sif Muna was most pleased with you.
You visited 1 branch of the dungeon, and saw 8 of its levels.
You also visited: Sewer.

You collected 335 gold pieces.
You spent 180 gold pieces at shops.

Inventory:

Hand Weapons
 a - a +2 dagger of venom (weapon)
 b - a +0 spear
 s - a +0 falchion
 y - a +1 halberd of pain
 E - a +2 war axe of venom
Missiles
 x - a curare-tipped dart (quivered)
Armour
 c - a +0 hat (worn)
 h - a +2 buckler
 r - the +0 buckler "Iruase" (worn) {Dex+3 Stlth+}
   (You bought it in a shop on level 2 of the Dungeon)

   Dex:       It affects your dexterity (+3).
   Stlth:     It makes you more stealthy.
Jewellery
 l - a ring of magical power (left tentacle)
 o - a +4 ring of protection (right tentacle)
 p - an amulet of the acrobat (around mantle)
 t - a ring of ice
Scrolls
 d - a scroll of summoning
 e - 4 scrolls of teleportation
 k - a scroll of acquirement {unknown}
 n - 2 scrolls of blinking {unknown}
 A - a scroll of noise {unknown}
 D - a scroll of poison {unknown}
Potions
 f - 2 potions of flight {unknown}
 g - 2 potions of attraction
 i - 2 potions of mutation
 j - 4 potions of might
 m - 3 potions of curing
 q - 2 potions of lignification {unknown}
 u - 3 potions of resistance
 v - 2 potions of invisibility {unknown}
 w - a potion of degeneration {unknown}
 z - a potion of brilliance {unknown}
 B - 3 potions of haste
 C - a potion of heal wounds {unknown}
 F - a potion of magic {unknown}


   Skills:
 + Level 8.1 Fighting
 - Level 1.0 Long Blades
 - Level 1.0 Throwing
 + Level 8.3 Dodging
 - Level 2.6 Stealth
 - Level 5.0 Shields
 - Level 4.0 Spellcasting


You had 8 spell levels left.
You knew the following spells:

 Your Spells              Type           Power      Damage    Failure   Level
a - Call Canine Familiar  Summ           2%         N/A       58%         3
b - Passwall              Tmut/Erth      1%         N/A       36%         2
c - Swiftness             Air            2%         N/A       58%         3

Your spell library contained the following spells:

 Spells                   Type           Power      Damage    Failure   Level
 Summon Small Mammal      Summ           8%         N/A       24%         1
 Ensorcelled Hibernation  Hex/Ice        4%         N/A       36%         2
 Summon Guardian Golem    Hex/Summ       2%         N/A       58%         3
 Blade Hands              Tmut           1%         N/A       100%        5
 Irradiate                Conj/Tmut      1%         3d13      100%        5
 Dragon Form              Tmut           1%         N/A       100%        7


Dungeon Overview and Level Annotations

Branches:
Dungeon (8/15)              Sewer (visited)
 Temple: D:4-7         Lair: D:8-11

Altars:
Cheibriados
Kikubaaqudgha
Okawaru
Sif Muna

Shops:
D:2 =[[[(   D:7 *


Innate Abilities, Weirdness & Mutations

You cannot wear most types of armour.
You are amphibious.
You can wear up to eight rings at the same time.
Your skin changes colour to match your surroundings (Stealth+).
Your rubbery body absorbs attacks. (AC +1, EV +1)
((You are camouflaged when in or above water. (Stealth+)))
You have tentacles for arms and can constrict up to eight enemies at once.


Message History

The orc priest mumbles some strange prayers to Beogh against you.
Beogh smites you!
You hit the orc but do no damage. Your grab misses the orc.
You squeeze the orc.
The orc is severely wounded.
The orc barely misses you.
You hit the orc.
The orc is poisoned.
Your grab misses the orc.
The orc is almost dead.
The orc priest calls down the wrath of Beogh upon you.
Beogh smites you! The orc hits you with a +0 flail.
You closely miss the orc. You grab the orc.
The orc is almost dead.
You constrict the orc, but do no damage.
The orc hits you with a +0 flail.
You hit the orc but do no damage.
The orc is almost dead.
You constrict the orc.
You kill the orc!
Sif Muna accepts your kill.
The orc priest invokes the aid of Beogh against you.
Pain shoots through your body!
* * * LOW HITPOINT WARNING * * *
The orc priest calls down the wrath of Beogh upon you.
You struggle to resist.
There is a stone staircase leading down here.
The orc priest calls down the wrath of Beogh upon you.
Pain shoots through your body!
* * * LOW HITPOINT WARNING * * *
You climb downwards.
There is a stone staircase leading up here.
Unknown command.
The wight attacks as you move away! The wight closely misses you.
Okay, then.
Unknown command.
Okay, then.
Unknown command.
The wight attacks as you move away! The wight hits you with a +5 scimitar.
* * * LOW HITPOINT WARNING * * *
You feel drained.
You die...

#....#
+....#
#....#
#....#
#....#
#....#
+....#
#.@..#
#.z..#
#.<..#
#....#
#.z..#
#....#
#....#
#..z.+
#....#


You could see 3 wights.

Vanquished Creatures
  3 yaks (D:6)
  A steam dragon (D:7)
  4 water moccasins
  2 ice beasts (D:5)
  A black bear (D:5)
  4 ogres
  A centaur (D:6)
  A kobold brigand (D:6)
  A bullfrog (D:6)
  2 scorpions
  A necrophage (D:4)
  5 jellies (Sewer)
  An orc priest (D:6)
  2 hounds
  Crazy Yiuf (D:4)
  3 iguanas
  2 orc wizards (D:5)
  4 gnolls (D:6)
  8 adders
  2 river rats (Sewer)
  A shadow imp (D:6)
  2 white imps
  An ufetubus (D:4)
  4 worms
  7 dart slugs
  18 orcs
  9 ball pythons
  15 endoplasms
  7 giant cockroaches
  3 goblins
  5 hobgoblins
  2 jackals (D:3)
  6 quokkas
  2 bats
  6 frilled lizards
  7 kobolds
  3 rats
147 creatures vanquished.

Vanquished Creatures (others)
  2 withered plants (D:4)
2 creatures vanquished.

Grand Total: 149 creatures vanquished

Notes
Turn   | Place    | Note
-------+----------+-------------------------------------------
     0 | D:1      | omnomnOMINOUS the Octopode Wanderer began the quest for the
                  | Orb.
     0 | D:1      | omnomnOMINOUS set off with the following items: a +0
                  | falchion, a +2 buckler, a +0 hat, a scroll of summoning.
     0 | D:1      | Reached XP level 1. HP: 13/13 MP: 1/1
   386 | D:1      | Reached XP level 2. HP: 18/18 MP: 2/2
  1125 | D:2      | Reached XP level 3. HP: 15/23 MP: 4/4
  1241 | D:2      | Found Pabyad's Armour Emporium.
  1247 | D:2      | Reached skill level 1 in Spellcasting
  1477 | D:2      | Found Xul Umaf's Antique Armour Shop.
  1528 | D:2      | Found Lytul's Jewellery Shoppe.
  1754 | D:2      | Found Werphac's Antique Weapon Boutique.
  1758 | D:2      | Found Erhyj's Antique Armour Boutique.
  2348 | D:3      | Found an iron altar of Okawaru.
  2378 | D:3      | Reached XP level 4. HP: 29/29 MP: 5/5
  2431 | D:3      | Found a faded altar of an unknown god.
  2439 | D:3      | Prayed at the altar of an unknown god.
  2439 | D:3      | Became a worshipper of Sif Muna the Loreminder
  2439 | D:3      | Reached * piety under Sif Muna
  3191 | D:3      | Upgraded the game from 0.29-a0-700-g2f1814c7b2 to
                  | 0.29-a0-717-g6dac4ea423
  3336 | D:4      | Found a runed translucent door.
  3337 | D:4      | Noticed Crazy Yiuf
  3356 | D:4      | Found an ancient bone altar of Kikubaaqudgha.
  3378 | D:4      | Noticed a scorpion
  3384 | D:4      | Learned a level 3 spell: Call Canine Familiar
  3391 | D:4      | Noticed an ogre
  3399 | D:4      | Killed a scorpion
  3400 | D:4      | Reached XP level 5. HP: 19/35 MP: 8/8
  3459 | D:2      | Bought a jewelled buckler for 180 gold pieces
  3459 | D:2      | Identified the +0 buckler "Iruase" {Dex+3 Stlth+} (You
                  | bought it in a shop on level 2 of the Dungeon)
  3667 | D:4      | Learned a level 2 spell: Passwall
  3671 | D:4      | Learned a level 3 spell: Swiftness
  3734 | D:5      | Entered Level 5 of the Dungeon
  3949 | D:4      | Noticed an ogre
  3956 | D:4      | Killed an ogre
  3957 | D:4      | Reached XP level 6. HP: 31/42 MP: 9/9
  4448 | D:4      | Killed Crazy Yiuf
  4449 | D:4      | Reached XP level 7. HP: 15/46 MP: 11/11
  4915 | D:5      | Reached ** piety under Sif Muna
  5071 | D:5      | Reached skill level 5 in Shields
  5625 | D:5      | Reached XP level 8. HP: 29/54 MP: 13/13
  5838 | D:4      | Reached skill level 5 in Dodging
  6077 | D:5      | Reached skill level 5 in Fighting
  6305 | D:6      | Found a snail-covered altar of Cheibriados.
  6316 | D:6      | Noticed a yak
  6317 | D:6      | Noticed a yak
  6615 | D:6      | Reached XP level 9. HP: 55/63 MP: 15/15
  6716 | D:6      | Found a glowing drain.
  6728 | Sewer    | Entered a sewer
  6754 | Sewer    | Reached *** piety under Sif Muna
  6879 | Sewer    | Found a viscous altar of Jiyva.
  8465 | D:7      | Found Mesetam's Assorted Antiques.
  8557 | D:7      | Found a shimmering blue altar of Sif Muna.
  8695 | D:8      | HP: 2/66 [wight/+5 scimitar (6)]
  8695 | D:8      | Slain by a wight

Illustrated notes

Levels and vault maps discovered:
D:1:      lightli_arrival_noodles, layout_basic, minmay_pentomino_v2
D:2:      layout_basic, serial_shops, shop, shop, nicolae_shop_trees,
          nicolae_shop_trees, shop
D:3:      layout_loops_ring, mainiacjoe_overflow_alcove_1,
          basic_ecumenical_altar, minmay_misc_feat_room, minmay_cupped
D:4:      layout_gridville, kiku_gazebo_garden_becter, uniq_crazy_yiuf_cottage
D:5:      layout_rooms
D:6:      layout_basic, mainiacjoe_overflow_concentric_impassable,
          portal_sewer_entry_f, minmay_misc_feat_tiny
D:7:      layout_cave_pods, lemuel_crystal_altar, lemuel_crystal_altar,
          nicolae_overflow_quartered_altars, minmay_temple_entry_fiery,
          serial_shops, nicolae_shop_hallway_plus
D:8:      kennysheep_blocky_hall, layout_gridville,
          nicolae_hepliaklqana_hippocampus, mainiacjoe_overflow_small_starburst,
          uniq_psyche

Skill      XL: |  1  2  3  4  5  6  7  8  9 |
---------------+----------------------------+-----
Spellcasting   | 1 2 3 4 |  4.0
Fighting       | 2 3 4 6 8 |  8.1
Dodging        | 3 4 6 8 |  8.3
Shields        | 4 5 |  5.0
Long Blades    | |  1.0
Throwing       | |  1.0
Stealth        | |  2.6

Action                   |  1- 3 |  4- 6 |  7- 9 || total
-------------------------+-------+-------+-------++-------
Melee: Falchion          |    20 |       |       ||    20
       Constrict         |    19 |    22 |    41 ||    82
       Tentacles         |    17 |    19 |    58 ||    94
       Spear             |    63 |   107 |     2 ||   172
       Punch             |     1 |       |     3 ||     4
       Dagger            |       |       |   228 ||   228
  Use: Scroll            |       |     5 |     2 ||     7
       Potion            |       |     3 |       ||     3
 Stab: Sleeping          |    17 |     9 |    19 ||    45
       Distracted        |       |       |     2 ||     2
Armor: Skin              |     3 |     4 |    37 ||    44
Dodge: Dodged            |    17 |    50 |   156 ||   223
Block: Buckler           |    15 |    31 |    61 ||   107

Table legend: (Time is in decaauts)
 A = Elapsed time spent in this place.
 B = Non-inter-level travel time spent in this place.
 C = Inter-level travel time spent in this place.
 D = Time resting spent in this place.
 E = Time spent auto-exploring this place.
 F = Levels seen in this place.
 G = Mean time per level.
                   A        B        C        D        E       F      G
               +--------+--------+--------+--------+--------+-----+--------+
         Total |   8730 |   8413 |    317 |   2061 |   4785 |   9 |  970.0 |
       Dungeon |   8222 |   7905 |    317 |   1863 |   4615 |   8 | 1027.8 |
         Sewer |    508 |    508 |      0 |    198 |    170 |   1 |  508.0 |
               +--------+--------+--------+--------+--------+-----+--------+

Top non-repeatable levels by time:
     D:6: 1769 daAuts
     D:4: 1761 daAuts
     D:2: 1401 daAuts
     D:1: 1116 daAuts
     D:5: 968 daAuts
     D:3: 947 daAuts
   Sewer: 508 daAuts
     D:7: 255 daAuts
     D:8: 2 daAuts
